 Dungeon Crawl Stone Soup version 0.21-a0-88-g13b9641 (webtiles) character file.

181 MatthieuS the Magician (level 5, -3/25 HPs)
             Began as a Spriggan Conjurer on June 26, 2017.
             Was an Initiate of Sif Muna.
             Killed from afar by enarc13's ghost (7 damage)
             ... with a blast of sand
             ... on level 3 of the Dungeon.
             The game lasted 00:16:20 (4021 turns).

MatthieuS the Magician (Spriggan Conjurer)          Turns: 4021, Time: 00:16:21

Health: -3/25      AC:  3    Str:  5    XL:     5   Next: 34%
Magic:  12/12      EV: 17    Int: 16    God:    Sif Muna [......]
Gold:   104        SH:  5    Dex: 17    Spells: 4/13 levels left

rFire    . . .     SeeInvis +   t - +4 spear
rCold    . . .     Gourm    .   E - +0 buckler
rNeg     . . .     Faith    .   a - +0 robe
rPois    +         Spirit   .   (helmet restricted)
rElec    .         Reflect  .   B - +0 cloak
rCorr    .         Harm     .   (gloves unavailable)
MR       .....                  (boots unavailable)
Stlth    ++........             (no amulet)
HPRegen  0.08/turn              q - ring of poison resistance
MPRegen  0.13/turn              (no ring)

@: very quick
A: unfitting armour, see invisible, herbivore 3, speed 3, slow metabolism 2
a: Renounce Religion


You were on level 3 of the Dungeon.
You worshipped Sif Muna.
Sif Muna was noncommittal.
You were hungry.

You visited 1 branch of the dungeon, and saw 4 of its levels.

You collected 104 gold pieces.

Inventory:

Hand Weapons
 t - a +4 spear (weapon)
 y - a +0 blowgun
 z - a +1 short sword of freezing
Missiles
 d - 124 stones (quivered)
 x - 7 poisoned needles
Armour
 a - a +0 robe (worn)
 B - a +0 cloak (worn)
 E - a +0 buckler (worn)
Jewellery
 q - a ring of poison resistance (left hand)
 u - an uncursed ring of wizardry {unknown}
Wands
 v - a wand of random effects (23/48)
Scrolls
 e - 2 scrolls of teleportation {unknown}
 i - 7 scrolls of remove curse {unknown}
 l - 3 scrolls of identify {unknown}
 n - 2 scrolls of fog {unknown}
 o - 2 scrolls of enchant weapon {unknown}
 w - a scroll of blinking {unknown}
 C - a scroll of immolation {unknown}
Potions
 f - a potion of haste
 g - 2 potions of flight
 h - 3 potions of might {unknown}
 k - a potion of heal wounds {unknown}
 p - a potion of invisibility {unknown}
 r - 3 potions of brilliance {unknown}
 s - a potion of experience {unknown}
 A - 3 potions of curing {unknown}
Books
 b - a book of Conjurations

   Spells                             Type                      Level
   a - Magic Dart                     Conjuration                  1
   b - Searing Ray                    Conjuration                  2
   c - Dazzling Spray                 Conjuration/Hexes            3
   d - Fulminant Prism                Conjuration/Hexes            4
   e - Force Lance                    Conjuration/Translocation    4
   f - Iskenderun's Mystic Blast      Conjuration                  4
 D - a book of Misfortune

   Spells                             Type                      Level
   a - Confusing Touch                Hexes                        1
   b - Confuse                        Hexes                        3
   c - Gell's Gravitas                Translocation                3
   d - Petrify                        Transmutation/Earth          4
   e - Metabolic Englaciation         Hexes/Ice                    5
   f - Yara's Violent Unravelling     Hexes/Transmutation          5
Comestibles
 c - 3 bread rations
 j - a royal jelly


   Skills:
 - Level 0.4 Fighting
 - Level 3.0 Dodging
 - Level 3.0 Stealth
 + Level 0.1 Shields
 - Level 4.5 Spellcasting
 - Level 4.3 Conjurations
 - Level 0.2 Hexes


You had 4 spell levels left.
You knew the following spells:

 Your Spells              Type           Power        Failure   Level  Hunger
a - Magic Dart            Conj           ###.         4%          1    None
b - Searing Ray           Conj           ###...       7%          2    ##.....
c - Dazzling Spray        Conj/Hex       ##....       30%         3    ###....
d - Confuse               Hex            #.......     56%         3    ###....


Dungeon Overview and Level Annotations

Branches:
Dungeon (4/15)
 Temple: D:4-7

Altars:
Ashenzari
Nemelex Xobeh
Qazlal
Sif Muna

Annotations:
D:3 enarc13's ghost, amateur DrEE
D:4 Blork the orc; Natasha


Innate Abilities, Weirdness & Mutations

You are very small and have problems with some larger weapons.
You are too small for most types of armour.
You have supernaturally acute eyesight. (SInv)
You are a herbivore.
You cover ground extremely quickly.
You need consume almost no food.


Message History

You throw a throwing net.
The throwing net closely misses enarc13's ghost.
Enarc13's ghost lets out a mournful wail.
Attack whom?
Press: ? - help, Dir - move target cursor, f/p - enarc13's ghost
Aim: enarc13's ghost, wielding a weapon of electrocution (heavily damaged)
You reach to attack!
You hit enarc13's ghost but do no damage.
Enarc13's ghost is heavily damaged.
Enarc13's ghost gestures at you while chanting.
The blast of sand hits you!
* * * LOW HITPOINT WARNING * * *
Attack whom?
Press: ? - help, Dir - move target cursor, f/p - enarc13's ghost
Aim: enarc13's ghost, wielding a weapon of electrocution (heavily damaged)
You reach to attack!
You barely miss enarc13's ghost.
Enarc13's ghost is heavily damaged.
Enarc13's ghost casts a spell at you. The blast of sand hits you!
You die...

%.# #.#########.....####.##.# #.#
..###.##..W..........(......###.#
..(...#...#####.[...####.#.).....
%.((.(...># #.<#.## #.#.####.#
.######...# #.....####.#.# #.# .#
##.## #.......†..#.# #.# ..
#.#######.W..######.. ... .#
..........#.## ### #.. ..
..?.......@..# ### ##
##############


You could see enarc13's ghost.

Vanquished Creatures
  Jessica (D:2)
  Ijyb (D:3)
  4 adders (D:2)
  An ooze (D:2)
  8 worms
  2 dart slugs
  A leopard gecko (D:3)
  8 bats
  5 giant cockroaches
  8 goblins
  8 hobgoblins
  3 jackals (D:3)
  8 kobolds
  8 frilled lizards
  3 rats
69 creatures vanquished.

Notes
Turn   | Place    | Note
-------+----------+-------------------------------------------
     0 | D:1      | MatthieuS the Spriggan Conjurer began the quest for the Orb.
     0 | D:1      | Reached XP level 1. HP: 9/9 MP: 5/5
   190 | D:1      | Reached XP level 2. HP: 13/13 MP: 0/6
   442 | D:1      | Learned a level 2 spell: Searing Ray
   861 | D:1      | Reached XP level 3. HP: 16/16 MP: 3/8
  1210 | D:2      | Noticed Jessica
  1214 | D:2      | Killed Jessica
  1258 | D:2      | Learned a level 3 spell: Dazzling Spray
  1284 | D:2      | Reached XP level 4. HP: 13/21 MP: 1/10
  2043 | D:2      | Found a stormy altar of Qazlal.
  2145 | D:2      | Found a shattered altar of Ashenzari.
  2146 | D:2      | Found a deep blue altar of Sif Muna.
  2152 | D:2      | Became a worshipper of Sif Muna the Loreminder
  2753 | D:3      | Noticed Ijyb
  2764 | D:3      | Killed Ijyb
  2764 | D:3      | Reached XP level 5. HP: 21/25 MP: 1/12
  2915 | D:3      | Noticed enarc13's ghost (amateur DrEE)
  3304 | D:4      | Noticed Natasha
  3323 | D:4      | Found a sparkling altar of Nemelex Xobeh.
  3404 | D:4      | Learned a level 3 spell: Confuse
  3405 | D:4      | Noticed Blork the orc
  4021 | D:3      | Killed from afar by enarc13's ghost

Vault maps used:
D:1:      dpeg_chamrin_arrival_tetris, minivault_11
D:2:      minitemple, first_bread, uniq_jessica
D:3:      uniq_ijyb
D:4:      nemelex_xobeh_ov_fountains_minmay, uniq_natasha,
          uniq_crazy_yiuf_cottage, uniq_blork_the_orc, uniq_edmund

Skill      XL: |  1  2  3  4 |
---------------+-------------+-----
Conjurations   | 3 4 |  4.3
Spellcasting   | 3 4 |  4.5
Fighting       | |  0.4
Dodging        | |  3.0
Stealth        | |  3.0
Shields        | |  0.1
Hexes          | |  0.2

Action                   |  1- 3 |  4- 6 || total
-------------------------+-------+-------++-------
Melee: Short sword       |    21 |       ||    21
       Dagger            |     4 |     5 ||     9
       Spear             |       |    24 ||    24
 Fire: Blowgun           |       |    17 ||    17
Throw: Throwing net      |       |     1 ||     1
 Cast: Magic Dart        |    75 |    96 ||   171
       Dazzling Spray    |     1 |       ||     1
       Searing Ray       |       |     6 ||     6
  Use: Potion            |       |     2 ||     2
 Stab: Sleeping          |     1 |     3 ||     4
       Invisible         |     1 |       ||     1
       Distracted        |       |     1 ||     1
Armor: Robe              |     5 |     1 ||     6
Dodge: Dodged            |    40 |    38 ||    78
Block: Buckler           |       |     3 ||     3
